 Dungeon Sprint DCSS version 0.30-a0-870-gc5d4c5acee (webtiles) character file.

Game seed: 2821493279469590634

1086 rocky1 the Brawler (level 8, -1/74 HPs)
             Began as a Troll Berserker on Mar 12, 2023.
             Was an Elder of Trog.
             Slain by a killer bee (5 damage)
             ... in the Dungeon (Sprint IV: "Fedhas' Mad Dash").
             The game lasted 00:03:00 (2285 turns).

rocky1 the Brawler (Troll Berserker)                Turns: 2285, Time: 00:03:00

Health: -1/74      AC:  4    Str: 28    XL:     8   Next: 9%
Magic:  7/7        EV: 10    Int:  3    God:    Trog [****..]
Gold:   28         SH:  0    Dex:  9    Spells: 7/7 levels left

rFire   . . .      SeeInvis .      - Unarmed
rCold   . . .      Faith    .    (no shield)
rNeg    . . .      Spirit   .    a - +0 animal skin
rPois   .          Reflect  .    (helmet restricted)
rElec   .          Rampage  .    (no cloak)
rCorr   .          NoTele   +    (gloves unavailable)
Will    .....                    (boots unavailable)
Stlth   +                        j - amulet of invisibility {+Inv}
HPRegen 1.12/turn                (no ring)
MPRegen 0.10/turn                (no ring)

@: lethally poisoned (-1 -> -4), very slightly contaminated
A: large, unfitting armour, claws 3, regeneration 1, shaggy fur 1, tough skin 1
a: Renounce Religion, Evoke Invisibility, Berserk, Trog's Hand, Brothers in Arms


You were in the Dungeon.
You worshipped Trog.
Trog was greatly pleased with you.
You visited 1 branch You collected 100 gold pieces.
You spent 72 gold pieces at shops.

Inventory:

Armour
 a - a +0 animal skin (worn)
Jewellery
 j - the amulet of invisibility (around neck) {+Inv}
   (You found it in the Dungeon)

   [amulet of nothing]

   +Inv:      It lets you turn invisible.
Scrolls
 g - a scroll of blinking
 h - 2 scrolls of immolation {unknown}
 i - a scroll of identify {unknown}
 k - a scroll of magic mapping {unknown}
 l - a scroll of fear {unknown}
Potions
 c - a potion of heal wounds
 d - a potion of haste
 e - 2 potions of magic
 f - a potion of berserk rage
 m - a potion of invisibility {unknown}
 n - a potion of degeneration {unknown}


   Skills:
 - Level 2.4 Fighting
 - Level 2.4 Dodging
 + Level 17.5 Unarmed Combat


You had 7 spell levels left.
You didn't know any spells.
Your spell library was empty.

Dungeon Overview and Level Annotations

Branches:
Dungeon (1/1)

Altars:
Cheibriados
Dithmenos
Elyvilon
Gozag
Hepliaklqana
Kikubaaqudgha
Makhleb
Nemelex Xobeh
Okawaru
Qazlal
Ru
Sif Muna
Trog
Uskayaw
Vehumet
Wu Jian
Xom
Yredelemnul
Zin
The Shining One
Jiyva
Lugonu

Shops:
D *[[?


Innate Abilities, Weirdness & Mutations

You are too large for most types of armour.
You have claws for hands.
Your natural rate of healing is unusually fast.
You are covered in fur. (AC +1)
You have tough skin. (AC +1)


Message History

You have reached level 8!
Unknown command.
You claw the killer bee!
The killer bee is heavily wounded.
You feel sick. The killer bee stings you. The killer bee closely misses you.
The killer bee completely misses you.
You strike the helpless killer bee from behind!
You claw the killer bee!
You kill the killer bee!
Trog accepts your kill.
You feel sick. The killer bee stings you.
You are more poisoned.
The killer bee poisons you! The killer bee closely misses you.
Unknown command.
You are too injured to fight recklessly!
You are too injured to fight recklessly!
You eviscerate the killer bee!!!
You kill the killer bee!
Trog accepts your kill.
You flicker back into view.
You feel sick. The killer bee stings you.
You are more poisoned.
The killer bee poisons you!
The killer bee stings you but does no damage.
The killer bee stings you. x2
You are more poisoned.
The killer bee poisons you!
You claw the killer bee!
The killer bee is heavily wounded.
* * * LOW HITPOINT WARNING * * *
You feel very sick. The killer bee stings you!
* * * LOW HITPOINT WARNING * * *
The killer bee stings you.
* * * LOW HITPOINT WARNING * * *
You feel better. The killer bee closely misses you. The killer bee stings you!
* * * LOW HITPOINT WARNING * * *
You are poisoned.
The killer bee poisons you! The killer bee stings you.
You die...

#####################
#<..P#.....#.....#.⌠.
#PP..'.....'.#.).'.._
#PPPP#.....#.#...#...
###############'##.._
#..y♣........'...#._.
#..†@..♣.....#...####
#..y..♣..♣..######
##+####+#####


You could see 2 killer bees.

Vanquished Creatures
  A burning bush (D)
  A queen bee (D)
  2 wandering mushrooms (D)
  3 scorpions (D)
  2 killer bees (D)
  4 oklob saplings (D)
  2 spriggans (D)
  A river rat (D)
  A rat (D)
17 creatures vanquished.

Notes
Turn   | Place    | Note
-------+----------+-------------------------------------------
     0 | D        | rocky1 the Troll Berserker began the quest for the Orb.
     0 | D        | Reached XP level 1. HP: 22/22 MP: 0/0
    10 | D        | Reached skill level 5 in Unarmed Combat
    10 | D        | Reached XP level 2. HP: 29/29 MP: 1/1
   351 | D        | Noticed an oklob sapling
   354 | D        | Killed an oklob sapling
   354 | D        | Reached ** piety under Trog
   355 | D        | Reached skill level 7 in Unarmed Combat
   355 | D        | Reached XP level 3. HP: 26/36 MP: 2/2
   496 | D        | Noticed a scorpion
   496 | D        | Found the amulet of invisibility {+Inv}
   504 | D        | Killed a scorpion
   505 | D        | Reached skill level 9 in Unarmed Combat
   505 | D        | Reached XP level 4. HP: 35/44 MP: 3/3
   734 | D        | Found an opulent altar of Gozag.
   734 | D        | Found a hazy altar of Hepliaklqana.
   734 | D        | Found a burning altar of Makhleb.
   734 | D        | Found a sparkling altar of Nemelex Xobeh.
   734 | D        | Found a snail-covered altar of Cheibriados.
   734 | D        | Found a sacrificial altar of Ru.
   734 | D        | Found a shimmering blue altar of Sif Muna.
   734 | D        | Found a shimmering altar of Xom.
   734 | D        | Found a basalt altar of Yredelemnul.
   735 | D        | Found a viscous altar of Jiyva.
   735 | D        | Found a bloodstained altar of Trog.
   735 | D        | Found an ornate altar of the Wu Jian Council.
   736 | D        | Found an iron altar of Okawaru.
   736 | D        | Found a glowing silver altar of Zin.
   736 | D        | Found a shadowy altar of Dithmenos.
   737 | D        | Found a hide-covered altar of Uskayaw.
   737 | D        | Found an ancient bone altar of Kikubaaqudgha.
   738 | D        | Found a stormy altar of Qazlal.
   738 | D        | Found a glowing golden altar of the Shining One.
   738 | D        | Found a white marble altar of Elyvilon.
   739 | D        | Found a radiant altar of Vehumet.
   739 | D        | Found a corrupted altar of Lugonu.
   746 | D        | Reached skill level 10 in Unarmed Combat
   746 | D        | Reached XP level 5. HP: 50/50 MP: 4/4
   982 | D        | Reached skill level 11 in Unarmed Combat
  1199 | D        | Reached *** piety under Trog
  1200 | D        | Reached skill level 12 in Unarmed Combat
  1204 | D        | Reached XP level 6. HP: 41/59 MP: 5/5
  1448 | D        | Found Finoeh's Antique Armour Shop.
  1448 | D        | Found Qysheurch's Assorted Antiques.
  1455 | D        | Noticed a burning bush
  1455 | D        | Noticed a wandering mushroom
  1484 | D        | Reached skill level 13 in Unarmed Combat
  1727 | D        | Noticed a wandering mushroom
  1732 | D        | Reached skill level 14 in Unarmed Combat
  1772 | D        | Killed a wandering mushroom
  1772 | D        | Reached **** piety under Trog
  1773 | D        | Reached skill level 15 in Unarmed Combat
  1773 | D        | Reached XP level 7. HP: 66/66 MP: 6/6
  2076 | D        | Identified the +6 scale mail of Dice, Bag, and Bottle
                  | {rPois Int+4 Dex+3 SInv}
  2079 | D        | Killed a burning bush
  2080 | D        | Reached skill level 16 in Unarmed Combat
  2093 | D        | Found Ecwuofroke's Magic Scroll Emporium.
  2093 | D        | Found Civetwub's Armour Shoppe.
  2096 | D        | Identified the +4 great sword "Giantbane" {drain, Str+4}
  2112 | D        | Bought a scroll labelled LAURCH UDIS for 26 gold pieces
  2112 | D        | Bought a murky purple potion for 23 gold pieces
  2112 | D        | Bought a glowing puce potion for 23 gold pieces
  2270 | D        | Noticed a queen bee
  2280 | D        | Killed a queen bee
  2281 | D        | Reached skill level 17 in Unarmed Combat
  2281 | D        | Reached XP level 8. HP: 44/74 MP: 7/7
  2285 | D        | Slain by a killer bee

Illustrated notes

Levels and vault maps discovered:
D:        dungeon_sprint_fedhas [sprint_temple]

Skill      XL: |  1  2  3  4  5  6  7 |
---------------+----------------------+-----
Unarmed Combat | 5 7 9 10 12 15 17 | 17.5
Fighting       | |  2.4
Dodging        | |  2.4

Action                     |  1- 3 |  4- 6 |  7- 9 || total
---------------------------+-------+-------+-------++-------
  Melee: Unarmed           |    11 |    29 |    13 ||    53
         Punch             |       |     3 |       ||     3
 Invoke: Berserk           |     2 |     1 |       ||     3
Ability: Evoke Invisibilit |       |     1 |     1 ||     2
    Use: Potion            |       |       |     1 ||     1
   Stab: Sleeping          |       |     1 |       ||     1
         Invisible         |       |       |     2 ||     2
 Armour: Animal skin       |       |     4 |     1 ||     5
  Dodge: Dodged            |     5 |     3 |    12 ||    20

Table legend: (Time is in decaauts)
 A = Elapsed time spent in this place.
 B = Non-inter-level travel time spent in this place.
 C = Inter-level travel time spent in this place.
 D = Time resting spent in this place.
 E = Time spent auto-exploring this place.
 F = Levels seen in this place.
 G = Mean time per level.
                   A        B        C        D        E       F      G
               +--------+--------+--------+--------+--------+-----+--------+
         Total |   2300 |   2300 |      0 |   2041 |      0 |   1 | 2300.0 |
       Dungeon |   2300 |   2300 |      0 |   2041 |      0 |   1 | 2300.0 |
               +--------+--------+--------+--------+--------+-----+--------+

Top non-repeatable levels by time:
       D: 2300 daAuts
